 Dungeon Crawl Stone Soup version 0.23.2-33-g5129a83184 (webtiles) character file.

Game seed: 17758515172569851332

4536 Acheron the Sneak (level 10, 0/60 HPs)
             Began as a Gargoyle Hunter on July 6, 2019.
             Was a Priest of Okawaru.
             Succumbed to barbed spike wounds
             ... on level 2 of the Lair of Beasts on July 8, 2019.
             The game lasted 00:54:11 (7162 turns).

Acheron the Sneak (Gargoyle Hunter)                 Turns: 7162, Time: 00:54:12

Health: 0/60       AC: 22    Str: 15    XL:     10   Next: 40%
Magic:  16/16      EV:  9    Int: 13    God:    Okawaru [***...]
Gold:   254        SH:  9    Dex: 13    Spells: 17/17 levels left

rFire    . . .     SeeInvis .   n - +2 dagger (drain)
rCold    + . .     Gourm    .   p - +0 shield
rNeg     + . .     Faith    .   I - +0 scale mail
rPois    ∞         Spirit   .   G - +0 helmet
rElec    +         Reflect  .   j - scarf {cloud immunity}
rCorr    .         Harm     .   h - +0 pair of gloves
MR       .....                  F - +0 pair of boots
Stlth    ++........             (no amulet)
HPRegen  0.20/turn              A - +4 ring of protection
MPRegen  0.15/turn              k - ring of protection from cold

@: barbed spikes
A: negative energy resistance 1, electricity resistance, unbreathing,
petrification resistance, rot immunity, AC +7
a: Heroism, Renounce Religion


You were on level 2 of the Lair of Beasts.
You worshipped Okawaru.
Okawaru was most pleased with you.
You were not hungry.

You visited 3 branches of the dungeon, and saw 13 of its levels.

You collected 304 gold pieces.
You spent 50 gold pieces at shops.

Inventory:

Hand Weapons
 a - a +2 hand crossbow
 g - a +0 hunting sling of freezing
 n - a +2 dagger of draining (weapon)
 t - a +0 fustibalus
 y - a +0 blowgun
Missiles
 d - 63 bolts
 v - 87 sling bullets
 z - 132 stones (quivered)
 N - a throwing net
Armour
 h - a +0 pair of gloves (worn)
 j - a scarf of cloud immunity (worn)
 p - a +0 shield (worn)
 F - a +0 pair of boots (worn)
 G - a +0 helmet (worn)
 I - a +0 scale mail (worn)
Jewellery
 e - an uncursed ring of magical power
 k - a ring of protection from cold (right hand)
 r - an uncursed ring of magical power
 u - an uncursed ring of flight
 A - a +4 ring of protection (left hand)
Wands
 b - a wand of random effects (14)
 s - a wand of flame (13)
 K - a wand of iceblast (9)
Scrolls
 c - 3 scrolls of fear
 i - a scroll of brand weapon {unknown}
 l - 2 scrolls of fog
 m - 2 scrolls of teleportation
 o - a scroll of identify
 q - 4 scrolls of remove curse
 w - 3 scrolls of amnesia
 x - a scroll of magic mapping
 D - a scroll of summoning {unknown}
 H - 3 scrolls of noise {unknown}
 L - 3 scrolls of blinking {unknown}
Potions
 B - a potion of haste {unknown}
 C - a potion of heal wounds {unknown}
 E - a potion of ambrosia
 J - a potion of might
 M - a potion of degeneration {unknown}
 P - a potion of flight {unknown}
Comestibles
 f - 16 rations
 O - 6 chunks of flesh


   Skills:
 * Level 5.6 Fighting
 + Level 5.1 Short Blades
 + Level 2.4 Slings
 + Level 5.5 Crossbows
 * Level 5.0 Armour
 * Level 4.5 Dodging
 * Level 5.8 Stealth
 + Level 4.5 Shields
 * Level 4.0 Spellcasting
 * Level 3.0 Invocations
 * Level 3.6 Evocations


You had 17 spell levels left.
You didn't know any spells.
Your spell library was empty.

Dungeon Overview and Level Annotations

Branches:
Dungeon (10/15)            Temple (1/1) D:6            Lair (2/6) D:8
 Shoals (0/4) Lair:2
  Snake: Lair:2-4    Spider: Lair:2-4       Orc: D:9-12

Altars:
Ashenzari
Cheibriados
Dithmenos
Hepliaklqana
Nemelex Xobeh
Okawaru
Qazlal
Ru
Sif Muna
Trog
Uskayaw
Xom
Zin
The Shining One
Lugonu

Shops:
D:8 =*(

Annotations:
D:4 Dowan, Duvessa
D:9 1 runed translucent door


Innate Abilities, Weirdness & Mutations

You are resistant to torment.
Your stone body is resilient. (AC +7)
You are immune to poison.
You resist negative energy. (rN+)
You are resistant to electric shocks. (rElec)
You can survive without breathing.
You are immune to petrification.
You are immune to rotting.


Message History

Okay, then.
Okay, then.
As you read the scroll of identify, it crumbles to dust.
J - a potion of might The manticore flicks its tail.
The volley of spikes hits you.
The barbed spikes become lodged in your body.
The barbs in your skin will harm you if you move.
Continue?
The barbed spikes dig painfully into your body as you move.
The manticore flicks its tail.
The volley of spikes hits you!!
The barbed spikes become lodged in your body.
* * * LOW HITPOINT WARNING * * *
There is a stone staircase leading down here.
The manticore flicks its tail.
The volley of spikes hits you!
The barbed spikes become lodged in your body.
* * * LOW HITPOINT WARNING * * *
The barbed spikes dig painfully into your body as you move.
You die...

## ##.. #####
#.... ....##
#..[####....P.
##...<........
##.............
#......@....###
#..#.........#
#..
#.<........# ##
#H.........#
..H.........#
..>..#.#...##.
#..........##
P....#....##


You could see a manticore and a hippogriff.

Vanquished Creatures
  Joseph (D:9)
  A komodo dragon (D:8)
  4 yaks
  A wyvern (D:8)
  Grum (D:8)
  2 ice beasts
  2 sky beasts
  4 black bears
  A necrophage (D:7)
  3 ogres (D:9)
  2 wolves (D:8)
  3 centaurs
  A crocodile (D:8)
  Blork the orc (D:4)
  6 bullfrogs
  5 crimson imps
  A bullfrog skeleton (D:9)
  A jelly (D:7)
  A quasit (D:7)
  2 orc priests
  3 hounds
  7 orc wizards
  5 iguanas
  A human skeleton (D:7)
  Natasha (twice) (D:2)
  3 worker ants
  A killer bee zombie (D:5)
  A hound zombie (D:6)
  A hound skeleton (D:9)
  A worker ant zombie (D:7)
  3 gnolls (D:2)
  7 adders
  An adder zombie (D:8)
  A worm (D:2)
  2 leopard geckos
  16 orcs
  A ball python (D:2)
  9 bats
  2 giant cockroaches (D:2)
  5 goblins
  6 hobgoblins
  4 jackals (D:3)
  4 quokkas
  2 frilled lizards
  3 kobolds
  A quokka skeleton (D:5)
  A quokka zombie (D:5)
136 creatures vanquished.

Vanquished Creatures (others)
  Natasha (D:2)
  2 plants (D:8)
3 creatures vanquished.

Grand Total: 139 creatures vanquished

Notes
Turn   | Place    | Note
-------+----------+-------------------------------------------
     0 | D:1      | Acheron the Gargoyle Hunter began the quest for the Orb.
     0 | D:1      | Reached XP level 1. HP: 12/12 MP: 1/1
   167 | D:2      | Noticed Natasha
   233 | D:2      | Killed Natasha
   233 | D:2      | Reached XP level 2. HP: 5/18 MP: 2/2
   233 | D:2      | Reached XP level 3. HP: 7/22 MP: 3/3
   707 | D:1      | Reached skill level 1 in Armour
  1207 | D:2      | Noticed Natasha
  1216 | D:2      | Killed Natasha
  1216 | D:2      | Reached XP level 4. HP: 21/27 MP: 3/5
  1426 | D:2      | Noticed Natasha
  1438 | D:2      | Killed Natasha
  1438 | D:2      | Reached skill level 1 in Short Blades
  1854 | D:2      | Reached skill level 1 in Spellcasting
  1854 | D:2      | Reached XP level 5. HP: 32/32 MP: 6/6
  2426 | D:4      | Noticed Blork the orc
  2432 | D:4      | Killed Blork the orc
  2432 | D:4      | Reached XP level 6. HP: 30/37 MP: 8/8
  2473 | D:4      | Found a sparkling altar of Nemelex Xobeh.
  2523 | D:4      | Found a hazy altar of Hepliaklqana.
  2534 | D:4      | Reached skill level 1 in Shields
  2638 | D:4      | Noticed Dowan
  2639 | D:4      | Noticed Duvessa
  2643 | D:5      | Entered Level 5 of the Dungeon
  2954 | D:5      | Noticed an ice beast
  2990 | D:5      | Killed an ice beast
  2990 | D:5      | Reached skill level 5 in Crossbows
  2990 | D:5      | Reached skill level 1 in Evocations
  3027 | D:7      | Found a shattered altar of Ashenzari.
  3035 | D:7      | Reached XP level 7. HP: 41/41 MP: 9/9
  3304 | D:8      | Found Bitipadd's General Store.
  3307 | D:8      | Found Deosaib's Jewellery Emporium.
  3312 | D:8      | Bought a scroll of fog for 20 gold pieces
  3316 | D:8      | Bought a cursed amulet of inaccuracy for 30 gold pieces
  3366 | D:8      | Found Addeuliyfe's Weapon Shop.
  3437 | D:8      | Noticed a yak
  3437 | D:8      | Noticed a yak
  3438 | D:8      | Noticed a yak
  3438 | D:8      | Noticed a yak
  3684 | D:7      | Reached XP level 8. HP: 46/48 MP: 11/11
  3721 | D:7      | Found a glowing golden altar of the Shining One.
  3856 | D:7      | Reached skill level 1 in Slings
  4373 | D:6      | Found a staircase to the Ecumenical Temple.
  4392 | Temple   | Entered the Ecumenical Temple
  4656 | D:5      | Found an iron altar of Okawaru.
  4690 | D:5      | Became a worshipper of Warmaster Okawaru
  4833 | D:5      | You fall through a shaft for 3 floors!
  4852 | D:7      | Killed a yak
  4918 | D:8      | Killed a yak
  4918 | D:8      | Reached XP level 9. HP: 50/52 MP: 13/13
  4972 | D:8      | Reached * piety under Okawaru
  5093 | D:10     | Entered Level 10 of the Dungeon
  5193 | D:9      | Found a runed translucent door.
  5200 | D:9      | Reached skill level 1 in Invocations
  5202 | D:9      | Noticed a centaur warrior
  5204 | D:9      | Noticed an orc high priest
  5224 | D:9      | Noticed a two-headed ogre
  5436 | D:9      | Noticed a +0 hand axe
  5437 | D:9      | Noticed a +0 dagger
  5438 | D:9      | Found a hide-covered altar of Uskayaw.
  5674 | D:9      | Reached skill level 5 in Fighting
  5717 | D:9      | Reached ** piety under Okawaru
  5728 | D:9      | Reached skill level 5 in Stealth
  5943 | D:9      | Noticed Joseph
  5990 | D:9      | Killed Joseph
  6209 | D:8      | Identified a scroll of acquirement
  6334 | D:8      | Reached XP level 10. HP: 22/59 MP: 13/15
  6626 | D:8      | Noticed Grum
  6675 | D:8      | Reached skill level 5 in Short Blades
  6932 | D:8      | Killed Grum
  6955 | D:8      | Found a bloodstained altar of Trog.
  6993 | D:8      | Reached *** piety under Okawaru
  6993 | D:8      | Reached skill level 5 in Armour
  7012 | D:8      | Found a staircase to the Lair.
  7117 | Lair:1   | Entered Level 1 of the Lair of Beasts
  7117 | Lair:1   | Noticed a seven-headed hydra
  7154 | Lair:1   | Noticed a spiny frog
  7157 | Lair:2   | Found a staircase to the Shoals.
  7157 | Lair:2   | Noticed a manticore
  7162 | Lair:2   | Succumbed to barbed spike wounds

Skill      XL: |  1  2  3  4  5  6  7  8  9 10 |
---------------+-------------------------------+-----
Armour         | 1 2 3 4 5 |  5.0
Dodging        | 2 3 4 |  4.5
Short Blades   | 1 3 4 5 |  5.1
Stealth        | 2 3 4 5 |  5.8
Spellcasting   | 1 2 3 4 |  4.0
Fighting       | 3 4 5 |  5.6
Shields        | 1 2 3 4 |  4.5
Crossbows      | 5 |  5.5
Evocations     | 1 2 3 |  3.6
Slings         | 1 2 |  2.4
Invocations    | 2 3 |  3.0

Action                   |  1- 3 |  4- 6 |  7- 9 | 10-12 || total
-------------------------+-------+-------+-------+-------++-------
Melee: Short sword       |   115 |    24 |       |       ||   139
       Dagger            |       |    24 |   615 |   136 ||   775
 Fire: Hand crossbow     |    11 |    92 |    27 |       ||   130
       Hunting sling     |       |       |    41 |    21 ||    62
       Fustibalus        |       |       |       |     3 ||     3
Invok: Heroism           |       |       |     2 |     4 ||     6
Evoke: Wand              |       |     4 |       |       ||     4
  Use: Scroll            |     3 |     6 |     4 |     2 ||    15
       Potion            |       |     4 |       |       ||     4
  Eat: Chunk             |     1 |     3 |     4 |     3 ||    11
       Ration            |       |     1 |     2 |       ||     3
Armor: Leather armour    |     6 |       |       |       ||     6
       Ring mail         |    89 |    30 |       |       ||   119
       Scale mail        |       |    24 |   408 |    60 ||   492
Dodge: Dodged            |   109 |    65 |   272 |    53 ||   499
Block: Shield            |       |       |   137 |    66 ||   203
